[Event "Titled Tuesday Blitz January 31 Late 2023"]
[White "Kalajzic, Ivan"]
[Black "Al-Tarboush, Ward"]
[WhiteFideId "14506378"]
[BlackFideId "7601450"]
[WhiteElo "2062"]
[BlackElo "2256"]
[Result "0-1"]
[Round "03"]
[TimeControl "180+2"]
[Date "2023.01.31"]
[WhiteClock "0:00:01"]
[BlackClock "0:01:47"]

1. b3 e5 2. Bb2 Nc6 3. e3 Nf6 4. Bb5 Bd6 5. Na3 a6 6. Be2 Na5 7. c4 Qe7 8. Nc2 b5 9. Nf3 bxc4 10. bxc4 O-O 11. c5 Bxc5 12. Bxe5 Bb7 13. Bxc7 Nc6 14. Bg3 Ne4 15. O-O d5 16. Rb1 Rac8 17. Bd3 f5 18. Bxe4 fxe4 19. Nfd4 Nxd4 20. Nxd4 Bxd4 21. exd4 Bc6 22. Be5 Bb5 23. Re1 Bd3 24. Rb6 Qf7 25. Bg3 Qa7 26. Qb3 Bc4 27. Qb4 a5 28. Qb2 a4 29. Rb7 Qa6 30. Be5 Rf7 31. Rb1 a3 32. Qb4 Rxb7 33. Qxb7 Qxb7 34. Rxb7 Bxa2 35. Rxg7+ Kf8 36. h4 Rc1+ 37. Kh2 Bc4 38. Rxh7 a2 39. Ra7 a1=Q 40. Rxa1 Rxa1 41. Kg3 Ra3+ 42. f3 Rd3 43. Kf4 exf3 44. gxf3 Rxd2 45. h5 Rh2 46. Kg5 Rg2+ 47. Kf6 Bd3 48. f4 Rh2 49. Kg5 Kf7 50. f5 Rg2+ 51. Kh6 Bxf5 52. Bf6 Rg8 53. Bg7 Bg4 0-1


[Site "https://www.chess.com"]

[Event "Titled Tuesday Blitz January 31 Late 2023"]
[White "Onslow, Alfie"]
[Black "Ismagilov, Damir"]
[WhiteFideId "436976"]
[BlackFideId "34199982"]
[WhiteElo "2157"]
[BlackElo "2156"]
[Result "0-1"]
[Round "03"]
[TimeControl "180+2"]
[Date "2023.01.31"]
[WhiteClock "0:00:02"]
[BlackClock "0:00:22"]

1. e4 c6 2. Nf3 d5 3. exd5 cxd5 4. Ne5 Nc6 5. d4 e6 6. Bb5 Bd7 7. Nxd7 Qxd7 8. c3 Nf6 9. O-O Bd6 10. Nd2 O-O 11. Re1 a6 12. Bd3 b5 13. Nf3 h6 14. h3 b4 15. Ne5 Qc7 16. Bf4 Nd7 17. Qh5 bxc3 18. Bxh6 Ncxe5 19. dxe5 Nxe5 20. Bxg7 Kxg7 21. Qh4 Ng6 22. Bxg6 fxg6 23. Rxe6 cxb2 24. Rae1 b1=Q 25. Rxb1 Rae8 26. Qd4+ Be5 27. Qxd5 Rxe6 28. Rb7 Re7 29. Rxc7 Bxc7 30. Qd4+ Be5 31. Qc4 Rd8 32. g3 Rf7 33. Qxa6 Rd1+ 34. Kg2 Rd2 35. Qb6 Bd4 36. Qb4 Rfxf2+ 37. Kg1 0-1


[Site "https://www.chess.com"]

[Event "Titled Tuesday Blitz January 31 Late 2023"]
[White "Aarav Dengla"]
[Black "Bernat, David"]
[WhiteFideId "45059756"]
[BlackFideId "2099225"]
[WhiteElo "2343"]
[BlackElo "1862"]
[Result "1/2-1/2"]
[Round "03"]
[TimeControl "180+2"]
[Date "2023.01.31"]
[WhiteClock "0:00:11"]
[BlackClock "0:00:11"]

1. e4 c5 2. Nf3 g6 3. d4 cxd4 4. Nxd4 Nc6 5. c4 Nf6 6. Nc3 d6 7. Be3 Ng4 8. Nxc6 bxc6 9. Qd4 Nxe3 10. Qxe3 Bg7 11. h4 h5 12. Be2 Qb6 13. Qd2 Rb8 14. Nd1 Be6 15. Rc1 Bh6 16. f4 O-O 17. b3 Rfd8 18. Rc3 d5 19. exd5 cxd5 20. c5 Qc7 21. O-O d4 22. Rc1 Bf5 23. Nb2 e5 24. Nc4 Bxf4 25. Rxf4 exf4 26. Nd6 Rxd6 27. cxd6 Qxd6 28. Rc4 d3 29. Bf3 Qb6+ 30. Qf2 Qe3 31. Bd1 Re8 32. Rxf4 Qxf2+ 33. Kxf2 Rc8 34. Rd4 Rc1 35. Bf3 Rc2+ 36. Kg3 Rxa2 37. Kf4 a5 38. Kg5 Kg7 39. Rd5 Rb2 40. Rxa5 Rxb3 41. Ra7 Kf8 42. Bd5 Rb5 43. Bf3 Ke8 44. Kf6 Be6 45. Ra8+ Kd7 46. Ra7+ Kd6 47. Ra6+ Kc5 48. Ra1 Rb2 49. Ra5+ Kb4 50. Ra8 d2 51. Rb8+ Kc3 52. Rd8 Rb6 53. Kg7 Bf5 54. Rd5 Re6 55. Rc5+ Kd4 56. Rd5+ Ke3 57. Rd8 Be4 58. Bd1 Re5 59. Kxf7 Rd5 60. Rxd5 Bxd5+ 61. Kxg6 Bxg2 62. Kxh5 Bf3+ 63. Bxf3 Kxf3 64. Kg6 d1=Q 65. h5 Qd5 66. h6 Qe6+ 67. Kg7 Qe7+ 68. Kg8 Qe6+ 69. Kg7 Qg4+ 70. Kf7 Kf4 71. h7 Qf5+ 72. Kg7 Kg5 73. h8=Q Qg6+ 74. Kf8 Qf6+ 75. Qxf6+ Kxf6 1/2-1/2


[Site "https://www.chess.com"]

[Event "Titled Tuesday Blitz January 31 Late 2023"]
[White "rikchessmx"]
[Black "Ortega Amarelle, Mariano"]
[BlackFideId "3504301"]
[WhiteElo "2287"]
[BlackElo "2472"]
[Result "0-1"]
[Round "03"]
[TimeControl "180+2"]
[Date "2023.01.31"]
[WhiteClock "0:00:47"]
[BlackClock "0:00:21"]

1. e4 d5 2. exd5 Qxd5 3. Nc3 Qa5 4. Nf3 Nf6 5. Bc4 Bf5 6. d3 c6 7. h3 e6 8. Qe2 Be7 9. Bd2 Qc7 10. g4 Bg6 11. Ne5 Nbd7 12. Nxg6 hxg6 13. O-O-O O-O-O 14. f4 Bd6 15. Rdf1 Nd5 16. f5 gxf5 17. gxf5 Nxc3 18. Bxc3 Bf4+ 19. Kb1 exf5 20. Qf3 Be5 21. Bxe5 Nxe5 22. Qxf5+ Kb8 23. Bb3 f6 24. Rfg1 c5 25. Qf4 Rh6 26. Be6 Qd6 27. Bf5 g5 28. Qf2 Rh4 29. Rd1 Rf4 30. Qg1 Rxf5 31. h4 gxh4 32. Rxh4 Nf3 33. Qf2 Nxh4 34. Qxh4 Re5 35. b3 Rde8 36. a4 a6 37. Rg1 Qd4 38. Qxd4 cxd4 39. Rg4 Rd5 40. Rf4 f5 41. Kb2 Re2 42. b4 b5 43. Kb3 bxa4+ 44. Kc4 Rd7 45. Rxf5 Rxc2# 0-1


[Site "https://www.chess.com"]

[Event "Titled Tuesday Blitz January 31 Late 2023"]
[White "Ruiz Aguilar, Pablo Alexander"]
[Black "Yedidia, Daniel"]
[WhiteFideId "4401352"]
[BlackFideId "30905907"]
[WhiteElo "2161"]
[BlackElo "2041"]
[Result "0-1"]
[Round "03"]
[TimeControl "180+2"]
[Date "2023.01.31"]
[WhiteClock "0:00:37"]
[BlackClock "0:01:04"]

1. e4 e5 2. Nf3 Nc6 3. d4 exd4 4. Nxd4 Nf6 5. Nc3 Bb4 6. Nxc6 bxc6 7. Bd3 d5 8. exd5 cxd5 9. Bb5+ Bd7 10. Bxd7+ Qxd7 11. O-O O-O 12. Bg5 Bxc3 13. bxc3 Qf5 14. Bxf6 gxf6 15. Qd3 Qe4 16. Rfe1 Qxd3 17. cxd3 Rfe8 18. Kf1 Kf8 19. Rab1 Reb8 20. Rb3 Rb6 21. Reb1 Ke7 22. Ke2 Kd6 23. d4 Re8+ 24. Kd3 Rg8 25. g3 f5 26. f4 Re8 27. Rb5 h5 28. R5b3 h4 29. Rg1 Rg8 30. Rg2 Rg4 31. Ke3 a5 32. Kf3 hxg3 33. hxg3 Kc6 34. Rxb6+ cxb6 35. Rh2 Rg6 36. Rh5 Rf6 37. Rg5 Kb5 38. Rg8 Rc6 39. Rf8 Rxc3+ 40. Kg2 Rc2+ 41. Kf3 Rxa2 42. Rxf7 a4 43. Rxf5 Kc4 44. Rf6 b5 45. g4 b4 46. g5 b3 47. Rb6 b2 48. g6 Ra3+ 49. Kg4 Rb3 50. Rc6+ Kxd4 51. g7 b1=Q 52. g8=Q Qg1+ 53. Kf5 Qxg8 54. Rf6 Re3 0-1


[Site "https://www.chess.com"]

[Event "Titled Tuesday Blitz January 31 Late 2023"]
[White "Graif, William"]
[Black "Rose, Felix"]
[WhiteFideId "2609835"]
[BlackFideId "5105722"]
[WhiteElo "2304"]
[BlackElo "2091"]
[Result "1-0"]
[Round "03"]
[TimeControl "180+2"]
[Date "2023.01.31"]
[WhiteClock "0:00:49"]
[BlackClock "0:00:42"]

1. e4 c5 2. Nc3 e6 3. Nge2 a6 4. g3 b5 5. Bg2 Bb7 6. O-O h5 7. d4 cxd4 8. Nxd4 h4 9. Re1 Bc5 10. Nb3 Bb6 11. Be3 Bxe3 12. Rxe3 hxg3 13. hxg3 Nf6 14. Qd6 Nc6 15. Nc5 Qb8 16. Rd1 Qxd6 17. Rxd6 Nd8 18. Red3 Bc6 19. e5 Nb7 20. Nxb7 1-0


[Site "https://www.chess.com"]

[Event "Titled Tuesday Blitz January 31 Late 2023"]
[White "Adury, Anant"]
[Black "Carbone, Diego"]
[WhiteFideId "30964687"]
[BlackFideId "3002179"]
[WhiteElo "2123"]
[BlackElo "2336"]
[Result "0-1"]
[Round "03"]
[TimeControl "180+2"]
[Date "2023.01.31"]
[WhiteClock "0:00:31"]
[BlackClock "0:01:56"]

1. Nf3 d5 2. c4 d4 3. e3 c5 4. b4 e5 5. Nxe5 cxb4 6. Nf3 Nc6 7. Bb2 Bc5 8. exd4 Nxd4 9. Be2 Nf6 10. O-O O-O 11. Nxd4 Bxd4 12. Qc1 Re8 13. Bf3 Bf5 14. a3 Bd3 15. Bxd4 Qxd4 0-1


[Site "https://www.chess.com"]

[Event "Titled Tuesday Blitz January 31 Late 2023"]
[White "Kochetov, Andrey"]
[Black "Zanette, Edgard Vinicius"]
[WhiteFideId "24130532"]
[BlackFideId "2109263"]
[WhiteElo "2165"]
[BlackElo "2085"]
[Result "1-0"]
[Round "03"]
[TimeControl "180+2"]
[Date "2023.01.31"]
[WhiteClock "0:00:21"]
[BlackClock "0:00:34"]

1. d4 Nf6 2. c4 e6 3. Nf3 Bb4+ 4. Bd2 a5 5. g3 O-O 6. Bg2 d5 7. O-O dxc4 8. Bxb4 axb4 9. Ne5 Nd5 10. Nxc4 Nc6 11. e3 b5 12. Ncd2 Bb7 13. Nb3 Nce7 14. N1d2 Qb8 15. Nc5 Bc6 16. h4 Rd8 17. Nf3 Nb6 18. Bh3 Na4 19. Nd3 Qb7 20. Nfe5 Bd5 21. Nxb4 Nxb2 22. Qh5 Be4 23. Qxf7+ Kh8 24. Bxe6 Ng6 25. Qg8+ Rxg8 26. Nf7# 1-0


[Site "https://www.chess.com"]

[Event "Titled Tuesday Blitz January 31 Late 2023"]
[White "Romero Ruscalleda, Josep"]
[Black "Terletsky, Oleg"]
[WhiteFideId "2231859"]
[BlackFideId "14116774"]
[WhiteElo "2160"]
[BlackElo "2160"]
[Result "0-1"]
[Round "03"]
[TimeControl "180+2"]
[Date "2023.01.31"]
[WhiteClock "0:00:03"]
[BlackClock "0:00:19"]

1. e4 e5 2. Nf3 Nc6 3. Bc4 Nf6 4. d4 exd4 5. e5 d5 6. Bb5 Ne4 7. Nxd4 Bc5 8. Be3 Bd7 9. Bxc6 bxc6 10. O-O Qe7 11. Re1 Bb6 12. f3 Ng5 13. Qd2 Ne6 14. Nf5 Bxe3+ 15. Qxe3 Qb4 16. b3 O-O 17. c3 Qb6 18. Nd2 Qxe3+ 19. Rxe3 Rfe8 20. Rae1 c5 21. c4 d4 22. R3e2 Nf4 23. Ng3 Nxe2+ 24. Rxe2 f6 25. f4 fxe5 26. fxe5 a5 27. a4 Rab8 28. h3 Bc6 29. Nh5 Re7 30. Nf4 Rbe8 31. Nd3 Bd7 32. Nf3 Bf5 33. Nxc5 d3 34. Rd2 Rxe5 35. Nxe5 Rxe5 36. Nxd3 Re3 37. Nc5 h5 38. Kf2 Rc3 39. Rd5 g6 40. h4 Kf7 41. Nb7 Rxb3 42. Rxa5 Be4 43. g3 Rxb7 44. Re5 Bf5 45. a5 Ra7 46. Ke3 Kf6 47. Kd4 Be6 48. Rg5 Bf5 49. Kc5 Rxa5+ 50. Kc6 Ra4 51. c5 Rc4 52. Kb5 Rc1 53. Kb4 c6 54. g4 hxg4 55. h5 Kxg5 0-1


[Site "https://www.chess.com"]

[Event "Titled Tuesday Blitz January 31 Late 2023"]
[White "Stavri, Gligor"]
[Black "Papayan, Oleg"]
[WhiteFideId "4706013"]
[BlackFideId "4193911"]
[WhiteElo "1867"]
[BlackElo "2253"]
[Result "0-1"]
[Round "03"]
[TimeControl "180+2"]
[Date "2023.01.31"]
[WhiteClock "0:01:35"]
[BlackClock "0:00:27"]

1. d4 Nf6 2. c4 e6 3. Nc3 Bb4 4. Nf3 O-O 5. e3 d5 6. Be2 dxc4 7. Bxc4 c5 8. O-O b6 9. a3 Bxc3 10. bxc3 Qc7 11. Qe2 Bb7 12. Ne5 Nbd7 13. f4 Ne4 14. Bb2 Rac8 15. Bd3 f6 16. Ng4 c4 17. Bc2 b5 18. a4 a6 19. axb5 axb5 20. Ba3 Rfe8 21. Bb4 Ra8 22. Nf2 Nxf2 23. Qxf2 f5 24. h3 Nf6 25. Qh4 Be4 26. Bxe4 Nxe4 27. Qe1 Qc6 28. Qb1 Nd2 29. Qc2 Nxf1 30. Rxf1 Ra4 31. g4 Rea8 32. Qd1 Ra2 33. Qf3 Qxf3 34. Rxf3 Ra1+ 35. Kg2 R8a2+ 36. Kg3 Rg1+ 37. Kh4 fxg4 38. hxg4 Rh2+ 39. Rh3 Rxh3+ 40. Kxh3 Re1 41. f5 Rxe3+ 42. Kh4 Kf7 43. fxe6+ Kxe6 44. Kg5 Rg3 45. Kf4 Rg2 46. Kf3 Rg1 47. Kf4 h6 48. Bf8 g5+ 49. Ke4 0-1


[Site "https://www.chess.com"]

[Event "Titled Tuesday Blitz January 31 Late 2023"]
[White "Mortazavi, Ali"]
[Black "Mayaud, Raphael"]
[WhiteFideId "401323"]
[BlackFideId "627151"]
[WhiteElo "2333"]
[BlackElo "2201"]
[Result "1-0"]
[Round "03"]
[TimeControl "180+2"]
[Date "2023.01.31"]
[WhiteClock "0:00:33"]
[BlackClock "0:00:15"]

1. e4 d5 2. Nc3 dxe4 3. f3 e3 4. d4 Nf6 5. Bxe3 c6 6. Bd3 g6 7. Qd2 Bg7 8. Nge2 Nbd7 9. Bh6 Bxh6 10. Qxh6 Nb6 11. O-O-O Be6 12. Nf4 Qd6 13. Rhe1 O-O-O 14. Nxe6 fxe6 15. Qh3 Qxd4 16. Be4 Qe5 17. Bd5 Qf4+ 18. Kb1 cxd5 19. Qxe6+ Kb8 20. Nb5 Rd7 21. Re5 Rc8 22. Rd4 Qxh2 23. a4 a6 24. Nc3 Qg1+ 25. Rd1 Qc5 26. g4 Nxa4 27. Rd3 d4 28. Rxc5 dxc3 29. Rxc8+ Kxc8 30. Qc4+ Kd8 31. Qxa4 cxb2 32. g5 Nd5 33. Qe4 e6 34. Qxe6 Nb6 35. Qxb6+ 1-0


[Site "https://www.chess.com"]

[Event "Titled Tuesday Blitz January 31 Late 2023"]
[White "Kaufman, Lawrence"]
[Black "Baches Garcia, Guillermo"]
[WhiteFideId "2000555"]
[BlackFideId "2209764"]
[WhiteElo "2188"]
[BlackElo "2327"]
[Result "1/2-1/2"]
[Round "03"]
[TimeControl "180+2"]
[Date "2023.01.31"]
[WhiteClock "0:01:23"]
[BlackClock "0:01:41"]

1. e4 c5 2. Nf3 d6 3. Bb5+ Bd7 4. Bxd7+ Qxd7 5. c4 e5 6. Nc3 Nc6 7. O-O Be7 8. d3 Bd8 9. a3 a5 10. Rb1 Nge7 11. b3 O-O 12. Ne1 f5 13. exf5 Nxf5 14. Nd5 Nce7 15. Nxe7+ Bxe7 16. Nc2 Rf6 17. b4 axb4 18. axb4 b6 19. bxc5 bxc5 20. Ne3 Nxe3 21. Bxe3 Raf8 22. Qb3 Rg6 23. Qb7 Qf5 24. Qxe7 Rxg2+ 25. Kxg2 Qg4+ 26. Kh1 Qf3+ 27. Kg1 Qg4+ 28. Kh1 Qf3+ 29. Kg1 Qg4+ 30. Kh1 1/2-1/2


[Site "https://www.chess.com"]

[Event "Titled Tuesday Blitz January 31 Late 2023"]
[White "Osmonbekov, Talaibek"]
[Black "Bouget, Alexandre"]
[WhiteFideId "2017253"]
[BlackFideId "681318"]
[WhiteElo "2137"]
[BlackElo "2267"]
[Result "1-0"]
[Round "03"]
[TimeControl "180+2"]
[Date "2023.01.31"]
[WhiteClock "0:00:37"]
[BlackClock "0:01:16"]

1. d4 c6 2. Bf4 f6 3. Nc3 d6 4. e4 e5 5. Be3 Be6 6. f4 Nd7 7. Nf3 exf4 8. Bxf4 g5 9. Be3 Ne7 10. Be2 Ng6 11. O-O Bg7 12. d5 cxd5 13. exd5 Bf7 14. Nd4 O-O 15. Ne6 Bxe6 16. dxe6 Nde5 17. Nd5 Ne7 18. Bh5 Nxd5 19. Qxd5 Qe7 20. Rad1 Rfd8 21. c4 Rac8 22. b3 b6 23. a4 f5 24. Rxf5 h6 25. Rdf1 Kh8 26. Bd4 Rf8 27. Bxe5 Bxe5 28. Rf7 Rxf7 29. Rxf7 Qd8 30. Qb7 Qg8 31. Rh7+ Qxh7 32. Qxc8+ Kg7 33. Qd7+ Kg8 34. Qxh7+ Kxh7 35. e7 1-0


[Site "https://www.chess.com"]

[Event "Titled Tuesday Blitz January 31 Late 2023"]
[White "Wang, Alexander J"]
[Black "Buchenau, Frank"]
[WhiteFideId "30955270"]
[BlackFideId "4604350"]
[WhiteElo "1815"]
[BlackElo "2222"]
[Result "0-1"]
[Round "03"]
[TimeControl "180+2"]
[Date "2023.01.31"]
[WhiteClock "0:00:12"]
[BlackClock "0:01:42"]

1. e4 e6 2. d4 d5 3. e5 c5 4. c3 Qb6 5. Nf3 Bd7 6. Be2 cxd4 7. cxd4 Bb5 8. O-O Bxe2 9. Qxe2 Nc6 10. Be3 Nge7 11. Nc3 Nf5 12. Rfd1 Bb4 13. a3 Bxc3 14. bxc3 O-O 15. Rab1 Qc7 16. c4 dxc4 17. Qxc4 Nfe7 18. Nd2 Rac8 19. Qe2 Na5 20. Ne4 Qc2 21. Qxc2 Rxc2 22. Nc5 b6 23. Nb3 Nxb3 24. Rxb3 Rfc8 25. h3 Nd5 26. Rdd3 Re2 27. Rd2 Rc1+ 28. Kh2 Nxe3 29. Rxe2 Nf1+ 30. Kg1 Ng3+ 0-1


[Site "https://www.chess.com"]

[Event "Titled Tuesday Blitz January 31 Late 2023"]
[White "Fajdetic, Hrvoje"]
[Black "Della Corte, Alessandro"]
[WhiteFideId "14501945"]
[BlackFideId "813540"]
[WhiteElo "2151"]
[BlackElo "2160"]
[Result "1-0"]
[Round "03"]
[TimeControl "180+2"]
[Date "2023.01.31"]
[WhiteClock "0:01:00"]
[BlackClock "0:01:56"]

1. f4 f5 2. b3 b6 3. Bb2 Bb7 4. e3 Nf6 5. Nf3 e6 6. Be2 Be7 7. O-O O-O 8. a4 a6 9. d3 d6 10. Na3 Qe8 11. Nc4 Nbd7 12. Qe1 Bd8 13. Bd1 Qg6 14. Qg3 Qxg3 15. hxg3 Ng4 16. Re1 h6 17. e4 fxe4 18. dxe4 Bf6 19. Nd4 Rae8 20. Bxg4 Nc5 21. e5 dxe5 22. Nxe5 Ne4 23. Bxe6+ Kh7 24. Bf5+ Kg8 25. Bxe4 1-0


[Site "https://www.chess.com"]

[Event "Titled Tuesday Blitz January 31 Late 2023"]
[White "Backsten, Jan"]
[Black "Floresvillar Gonzalez, Luis Migu"]
[WhiteFideId "1735381"]
[BlackFideId "5100542"]
[WhiteElo "2029"]
[BlackElo "2043"]
[Result "1-0"]
[Round "03"]
[TimeControl "180+2"]
[Date "2023.01.31"]
[WhiteClock "0:00:49"]
[BlackClock "0:01:01"]

1. e4 d6 2. d4 Nf6 3. Nc3 g6 4. Be3 Bg7 5. Qd2 O-O 6. O-O-O Ng4 7. Bg5 h6 8. Bh4 g5 9. Bg3 Nc6 10. d5 Nce5 11. h4 c6 12. f3 gxh4 13. Rxh4 Nf6 14. dxc6 bxc6 15. Bxe5 Nxe4 16. Rxe4 Bxe5 17. Rxe5 Kg7 18. Rh5 Rh8 19. Bd3 Be6 20. Bf5 Qa5 21. Qd4+ Qe5 22. Qxe5+ dxe5 23. Bxe6 fxe6 24. Rxe5 Kf7 25. Nge2 Rhg8 26. Nf4 Rab8 27. g4 Kf6 28. Rxe6+ Kg5 29. Nh3+ Kh4 30. Rxh6+ Kg3 31. Rf1 Kg2 32. Rf2+ Kg3 33. Ne2# 1-0


[Site "https://www.chess.com"]

[Event "Titled Tuesday Blitz January 31 Late 2023"]
[White "Yanayt, Eugene"]
[Black "Llanos, Guillermo"]
[WhiteFideId "2020165"]
[BlackFideId "100358"]
[WhiteElo "2004"]
[BlackElo "2290"]
[Result "1-0"]
[Round "03"]
[TimeControl "180+2"]
[Date "2023.01.31"]
[WhiteClock "0:01:04"]
[BlackClock "0:00:02"]

1. e4 c5 2. Nc3 Nc6 3. f4 e6 4. Nf3 d5 5. Bb5 Nf6 6. e5 Nd7 7. Bxc6 bxc6 8. O-O c4 9. Kh1 c5 10. f5 Qc7 11. fxe6 fxe6 12. Ng5 Nxe5 13. Qh5+ g6 14. Qh3 Qe7 15. d4 cxd4 16. Nb5 Bd7 17. Nc7+ Kd8 18. Nxa8 Bg7 19. Bf4 h6 20. Nf3 Nxf3 21. Qxf3 e5 22. Bg3 e4 23. Qf4 Bf5 24. Qb8+ Kd7 25. Qxa7+ Ke6 26. Nc7+ Kf7 27. Qb7 Rd8 28. Rae1 Kg8 29. Qc6 Qf7 30. Nb5 d3 31. cxd3 cxd3 32. Bf4 Kh7 33. Nd6 Qd7 34. Qc5 Bg4 35. Qxd5 Be2 36. Rf2 1-0


[Site "https://www.chess.com"]

[Event "Titled Tuesday Blitz January 31 Late 2023"]
[White "Corredor Castellanos, Camilo"]
[Black "Papp, Petra"]
[WhiteFideId "4425871"]
[BlackFideId "739049"]
[WhiteElo "1957"]
[BlackElo "2343"]
[Result "1/2-1/2"]
[Round "03"]
[TimeControl "180+2"]
[Date "2023.01.31"]
[WhiteClock "0:00:20"]
[BlackClock "0:00:11"]

1. e4 e5 2. Nf3 Nf6 3. Nxe5 d6 4. Nf3 Nxe4 5. d4 d5 6. Bd3 Bd6 7. O-O O-O 8. c4 c6 9. Nc3 Nxc3 10. bxc3 dxc4 11. Bxc4 Bf5 12. Bg5 Qa5 13. Qd2 Nd7 14. Nh4 Bg6 15. f4 Be4 16. f5 Bd5 17. Bd3 f6 18. Bf4 Qc7 19. Rab1 Rfe8 20. Bxd6 Qxd6 21. Rxb7 a5 22. Rfb1 a4 23. R7b2 a3 24. Rb4 Bf7 25. Nf3 c5 26. Rb7 cxd4 27. Nxd4 Nc5 28. Rxf7 Kxf7 29. Bc4+ Kf8 30. Qf2 Ne4 31. Qh4 Nxc3 32. Rb7 Re4 33. Ne6+ Qxe6 34. fxe6 Rxh4 35. e7+ Ke8 36. Be6 Re4 37. Bd7+ Kxe7 38. Bc6+ Kf8 39. Rb3 Re1+ 40. Kf2 Rc1 41. Bxa8 Nxa2 42. Rxa3 Nc3 43. Kg3 Ne2+ 44. Kf2 Nd4 45. Be4 f5 46. Bd3 Kf7 47. Ke3 Nc2+ 48. Bxc2 Rxc2 49. Kf3 Rc6 50. h4 Kf6 51. g3 g6 52. Ra7 h6 53. Ra8 Rb6 54. Rc8 Rb3+ 55. Kg2 Rb6 56. Rf8+ Ke5 57. Re8+ Re6 58. Rh8 h5 59. Rg8 Ke4 60. Rg7 f4 61. Ra7 Kf5 62. Rf7+ Rf6 63. Rxf6+ Kxf6 64. gxf4 Kf5 65. Kf3 Kf6 66. Ke4 Ke6 67. Ke3 Kd5 68. Kf3 Kd4 69. f5 gxf5 70. Kf4 Kd5 71. Kxf5 Kd6 72. Kf6 Kd7 73. Kf7 Kd8 74. Kf8 Kd7 75. Kf7 Kd8 76. Kf8 Kd7 77. Kf7 1/2-1/2


[Site "https://www.chess.com"]

[Event "Titled Tuesday Blitz January 31 Late 2023"]
[White "Ansh M Shah"]
[Black "Zampronha, Wladimir Camilo"]
[WhiteFideId "25033379"]
[BlackFideId "2103087"]
[WhiteElo "2171"]
[BlackElo "2176"]
[Result "0-1"]
[Round "03"]
[TimeControl "180+2"]
[Date "2023.01.31"]
[WhiteClock "0:00:01"]
[BlackClock "0:00:17"]

1. d4 Nf6 2. c4 e6 3. g3 d5 4. Bg2 Be7 5. Nf3 O-O 6. O-O dxc4 7. Qc2 a6 8. a4 Bd7 9. Bg5 Bc6 10. Qxc4 Bd5 11. Qc2 Be4 12. Qc1 Nc6 13. Nc3 Bxf3 14. Bxf3 Nxd4 15. Bxb7 Nb3 16. Qd1 Nxa1 17. Bxa8 Qxa8 18. Qxa1 Rd8 19. Rd1 h6 20. Bf4 Bd6 21. Bxd6 cxd6 22. b4 d5 23. b5 Qb7 24. bxa6 Qxa6 25. Nb5 Rb8 26. Qd4 Ne4 27. Ra1 Nd6 28. Nxd6 Qxd6 29. a5 Qa6 30. Qd3 Rb5 31. h4 h5 32. Kg2 g6 33. Qc3 Rb8 34. Qd3 Rb5 35. Ra3 Kg7 36. Qc3+ Kh7 37. Ra4 Rb8 38. Rf4 Rb7 39. e3 Ra7 40. Qc5 Qb7 41. Kh2 Ra6 42. Qf8 Ra7 43. Qc5 Qd7 44. Qb6 Rb7 45. Qc5 Ra7 46. Qf8 Qc7 47. a6 Qd7 48. Rf3 Qc7 49. Rf4 Qd7 50. Qc5 Ra8 51. Qb6 Ra7 0-1


[Site "https://www.chess.com"]

[Event "Titled Tuesday Blitz January 31 Late 2023"]
[White "Suarez, Mauricio Josue"]
[Black "Tinmaz, Kerem"]
[WhiteFideId "144258"]
[BlackFideId "44559151"]
[WhiteElo "2164"]
[BlackElo "2177"]
[Result "1/2-1/2"]
[Round "03"]
[TimeControl "180+2"]
[Date "2023.01.31"]
[WhiteClock "0:00:10"]
[BlackClock "0:00:06"]

1. d4 d5 2. Nf3 Nf6 3. c4 c6 4. e3 Bf5 5. Nc3 e6 6. Bd3 Bg6 7. O-O Nbd7 8. Qe2 Bd6 9. e4 dxe4 10. Nxe4 Nxe4 11. Bxe4 Bxe4 12. Qxe4 Nf6 13. Qe2 O-O 14. Rd1 Qe7 15. b3 Rfd8 16. Bb2 Ba3 17. Rac1 Bxb2 18. Qxb2 a5 19. h3 a4 20. Rd3 axb3 21. axb3 Qa3 22. Qxa3 Rxa3 23. Rc2 h6 24. Kf1 Ra1+ 25. Ke2 Rda8 26. Rd1 Rxd1 27. Kxd1 Ra1+ 28. Kd2 Rb1 29. Kc3 Ne4+ 30. Kb4 b6 31. Nd2 Nxd2 32. Rxd2 Kf8 33. Rd3 Ke7 34. c5 bxc5+ 35. Kxc5 Kd7 36. h4 Rc1+ 37. Kb4 Kd6 38. h5 Rc2 39. Rg3 Rxf2 40. Rxg7 Rf4 41. Kc3 Kd5 42. Rg8 Rh4 43. g4 Rh3+ 44. Kb4 Kxd4 45. Rd8+ Ke5 46. Rh8 Kf4 47. Rxh6 Kxg4 48. Rf6 Rxh5 49. Rxf7 Rb5+ 50. Kc4 e5 51. Rf6 Rb6 52. b4 e4 53. Kc5 Rb5+ 54. Kc4 Rb6 55. Kc5 Rb5+ 56. Kc4 e3 57. Rxc6 Re5 58. Rg6+ Kf3 59. Rg1 Kf2 60. Rc1 e2 61. b5 e1=Q 62. Rxe1 Rxe1 63. b6 Rb1 64. Kc5 Ke3 65. Kc6 Ke4 66. b7 Ke5 67. Kc7 Rc1+ 68. Kd7 Rd1+ 69. Kc7 Rc1+ 70. Kd7 Rb1 71. Kc7 Rc1+ 1/2-1/2


[Site "https://www.chess.com"]

[Event "Titled Tuesday Blitz January 31 Late 2023"]
[White "Torres Dominguez, David"]
[Black "Fernandez, Maria Florencia"]
[WhiteFideId "2220857"]
[BlackFideId "116459"]
[WhiteElo "1994"]
[BlackElo "2129"]
[Result "0-1"]
[Round "03"]
[TimeControl "180+2"]
[Date "2023.01.31"]
[WhiteClock "0:00:02"]
[BlackClock "0:00:08"]

1. e4 c5 2. Nc3 Nc6 3. f4 g6 4. Nf3 Bg7 5. a4 e6 6. d4 Nxd4 7. Nxd4 cxd4 8. Nb5 d5 9. e5 Ne7 10. Nd6+ Kf8 11. Bd3 Qc7 12. O-O Bd7 13. b3 Kg8 14. Ba3 Bf8 15. Qd2 Nc8 16. f5 Nxd6 17. exd6 Bxd6 18. Bxd6 Qxd6 19. Qh6 e5 20. f6 Qf8 21. Qg5 e4 22. Bb5 Be6 23. Qe5 Qb8 24. Qxd4 h5 25. c4 dxc4 26. Bxc4 Bxc4 27. Qxc4 Qe5 28. Rae1 Re8 29. Re3 Kh7 30. Qe2 Re6 31. Qf2 Rd8 32. h3 Rdd6 33. Qe2 Rxf6 34. Rxf6 Rxf6 35. Rxe4 Qa1+ 36. Kh2 Rf1 37. Re7 Rh1+ 38. Kg3 Qc3+ 39. Re3 Qf6 0-1


[Site "https://www.chess.com"]

[Event "Titled Tuesday Blitz January 31 Late 2023"]
[White "Grot, Blazej"]
[Black "Araujo, Everson De Moura"]
[WhiteFideId "21835845"]
[BlackFideId "22737197"]
[WhiteElo "1990"]
[BlackElo "1944"]
[Result "1-0"]
[Round "03"]
[TimeControl "180+2"]
[Date "2023.01.31"]
[WhiteClock "0:00:07"]
[BlackClock "0:00:07"]

1. e4 e6 2. d3 d5 3. Nd2 Nf6 4. Ngf3 c5 5. g3 Be7 6. Bg2 Nc6 7. O-O b5 8. Re1 O-O 9. Nf1 a5 10. h4 Qc7 11. N1h2 Ba6 12. e5 Nd7 13. Bf4 Rfc8 14. h5 h6 15. Ng4 Bf8 16. Nh4 Qd8 17. Qd2 Ra7 18. Bh3 a4 19. a3 Nd4 20. Kg2 b4 21. axb4 cxb4 22. Rxa4 Rxc2 23. Qe3 Bc5 24. Rea1 Nf5 25. Qe1 Nxh4+ 26. gxh4 Qb6 27. Be3 d4 28. Bxh6 Bb7+ 29. Kg1 Qc6 30. Qe4 Rxa4 31. Rxa4 Qxe4 32. dxe4 Bxe4 33. Bf4 Rxb2 34. h6 Rb1+ 35. Kh2 Rh1+ 36. Kg3 Nb6 37. Ra7 Nd5 38. Ra8+ Kh7 39. hxg7 Kxg7 40. Bh6+ Kh7 41. Rf8 Bxf8 42. Bxf8 Ne7 43. Bxe7 b3 44. Nf6+ Kg6 45. Nxe4 b2 46. Nd2 b1=Q 47. Nxb1 Rxb1 48. Bg2 Rb3+ 49. Kg4 Rb5 50. f4 d3 51. Be4+ Kg7 52. Bxd3 Rb7 53. Bf6+ Kg8 54. h5 Rb3 55. Be4 Rb4 56. Bc2 Rb2 57. Be4 Re2 58. Bf3 Re1 59. h6 Rg1+ 60. Kh3 Kh7 61. Bg5 Re1 62. Kg3 Rg1+ 63. Kf2 Ra1 64. Be4+ Kh8 65. Bf6+ Kg8 66. h7+ Kf8 67. h8=Q# 1-0


[Site "https://www.chess.com"]

[Event "Titled Tuesday Blitz January 31 Late 2023"]
[White "Ardila, Oscar Humberto"]
[Black "marik_spb"]
[WhiteFideId "4404742"]
[WhiteElo "1982"]
[BlackElo "2323"]
[Result "0-1"]
[Round "03"]
[TimeControl "180+2"]
[Date "2023.01.31"]
[WhiteClock "0:00:38"]
[BlackClock "0:00:45"]

1. d4 Nf6 2. c4 c5 3. d5 b5 4. Qc2 g6 5. e4 d6 6. cxb5 Bg7 7. Nc3 O-O 8. Nf3 a6 9. a4 Qa5 10. Bd2 Bg4 11. Be2 axb5 12. Nxb5 Qb6 13. O-O Na6 14. Bc3 Nb4 15. Bxb4 cxb4 16. h3 Bd7 17. Nd2 Rfc8 18. Qb3 Bxb5 19. Bxb5 Qd4 20. Rad1 Nxe4 21. Nxe4 Qxe4 22. Rfe1 Qh4 23. g3 Qxh3 24. Qxb4 Be5 25. Bf1 Qf5 26. b3 Rab8 27. Bb5 Rc2 28. Rd2 Bc3 29. Rxc2 Bxb4 30. Rec1 Bc5 31. Rd2 Qg5 32. Rcd1 Qxg3+ 33. Kf1 Qxb3 0-1


[Site "https://www.chess.com"]